Cogmind - Beta 16 @@@ ROGUE MODE // 2025.11.02 @ 16:08:44 Player: FAQ Result: Destroyed by G-67 Veteran with Plasma Rifle Performance ------------- Evolutions (6) 3000 Regions Visited (12) 2400 Robots Destroyed (87) 435 Value Destroyed (3653) 3653 Prototype IDs (7) 140 Alien Tech Used (0) 0 Bonus (959) 959 TOTAL SCORE: 10587 Bonus ------- Follower Combat Kills 47 Entered Garrisons 200 Entered DSFs 500 Aligned with FarCom 300 Friendly Fire -88 Cogmind --------- Core Integrity 0/1150 Matter 130/300 Energy 99/100 System Corruption 1% Temperature Danger (487) Movement Core (700) Ox13 Location -4/Garrison Parts ------- > --- POWER (3) -------- (None) > --- PROPULSION (5) --- (None) > --- UTILITY (7) ------ High-capacity Storage Unit Improved Signal Interpreter > --- WEAPON (4) ------- (None) > --- INVENTORY (20) --- Armored Treads Armored Treads Advanced Heat Sink Sensor Array Improved Sensor Array Medium Reactive Plating Relay Coupler [NC] (35) Relay Coupler [Grunt] (32) Relay Coupler [Sentry] (24) Recalibrator Faulty Neutron Cannon Guided Plasma Cannon Peak State ------------ > --- POWER ------------ Improved Ion Engine Light Nuclear Core Micro Nuclear Core > --- PROPULSION ------- Armored Treads Armored Treads Armored Treads Advanced Treads Advanced Treads > --- UTILITY ---------- Improved Cryofiber Web Improved Cooling System High-capacity Storage Unit Energy Well Improved Signal Interpreter Armor Integrity Analyzer Hacking Suite > --- WEAPON ----------- High-powered Shock Rifle Tesla Rifle Gatling Laser Particle Cannon > --- INVENTORY -------- Armored Treads Armored Treads Armored Treads Sensor Array Improved Sensor Array Medium Reactive Plating Medium Reactive Plating Relay Coupler [NC] Relay Coupler [Grunt] Relay Coupler [Sentry] Recalibrator High-powered Shock Rifle Heavy Laser Improved EM Pulse Cannon Neutron Cannon Guided Plasma Cannon Rocket Launcher [Rating: 72] Favorites ----------- Power Light Nuclear Core Engine Improved Ion Engine Power Core Light Nuclear Core Propulsion Light Treads Treads Light Treads Utility Signal Interpreter Device Improved Heat Sink Storage High-capacity Storage Unit Processor Signal Interpreter Hackware Hacking Suite Protection Medium Reactive Plating Weapon Particle Cannon Energy Gun Improved Heavy Laser Energy Cannon Particle Cannon Launcher Rocket Launcher Build | -11 -10 -10 -10 -9 -8 -8 -7 -7 -6 -5 -4 -4 ------- Run | Yrd Mat Min Exi Min Mat Sto Fac DSF Fac Fac Fac Gar Slots Evolved 12 | . . . . . 4 . 2 . 2 2 2 . Power 2 | . . . . . 1 . . . 1 . . . Propulsion 3 | . . . . . 2 . . . . . 1 . Utility 5 | . . . . . 1 . 2 . . 2 . . Weapon 2 | . . . . . . . . . 1 . 1 . Parts Attached 76 | 8 5 1 3 . 12 4 7 8 3 10 3 12 Power 12 | 1 1 . . . 4 2 1 1 1 . . 1 Engine 5 | 1 . . . . . 2 1 1 . . . . Core 7 | . 1 . . . 4 . . . 1 . . 1 Reactor . | . . . . . . . . . . . . . Propulsion 19 | 2 . 1 . . 5 1 . 4 . 2 1 3 Treads 19 | 2 . 1 . . 5 1 . 4 . 2 1 3 Leg . | . . . . . . . . . . . . . Wheel . | . . . . . . . . . . . . . Hover . | . . . . . . . . . . . . . Flight . | . . . . . . . . . . . . . Utility 21 | 2 2 . 1 . 3 . 5 1 . 6 . 1 Device 10 | 1 . . . . 2 . 2 1 . 4 . . Storage 5 | 1 1 . 1 . 1 . . . . 1 . . Processor 3 | . 1 . . . . . 2 . . . . . Hackware 1 | . . . . . . . . . . 1 . . Protection 2 | . . . . . . . 1 . . . . 1 Artifact . | . . . . . . . . . . . . . Weapon 24 | 3 2 . 2 . . 1 1 2 2 2 2 7 Energy Gun 9 | 3 . . . . . . . . 1 1 2 2 Energy Cannon 14 | . 2 . 2 . . 1 1 2 1 1 . 4 Ballistic Gun . | . . . . . . . . . . . . . Ballistic Cannon . | . . . . . . . . . . . . . Launcher 1 | . . . . . . . . . . . . 1 Special Weapon . | . . . . . . . . . . . . . Impact Weapon . | . . . . . . . . . . . . . Slashing Weapon . | . . . . . . . . . . . . . Piercing Weapon . | . . . . . . . . . . . . . Special Melee Weapon . | . . . . . . . . . . . . . Unidentified Prototypes 5 | . . . 2 . . . 1 . 1 . . 1 Parts Lost 42 | . . . . . . 3 . 5 . 8 1 25 Power 6 | . . . . . . 1 . 1 . 1 . 3 Propulsion 10 | . . . . . . 1 . 1 . 2 . 6 Utility 10 | . . . . . . . . 1 . 3 . 6 Weapon 16 | . . . . . . 1 . 2 . 2 1 10 Highest Loss Streak 10 | . . . . . . 2 . 4 . 4 1 10 To Critical Strikes . | . . . . . . . . . . . . . Average Backups 13 | . 4 7 8 9 13 19 18 18 18 18 15 13 Power . | . . 1 1 1 1 1 2 1 . . . . Propulsion 2 | . . . . . 1 2 3 4 6 5 3 2 Utility 4 | . 1 1 1 1 3 6 4 4 6 6 5 6 Weapon 6 | . 2 4 5 6 6 7 7 6 5 6 7 4 Tool/Special . | . . . . . . . . . . . . . Unused Backups 14 | . . . . . 6 1 . 1 . 1 . 5 Power . | . . . . . . . . . . . . . Propulsion . | . . . . . . . . . . . . . Utility 6 | . . . . . 2 . . . . . . 4 Weapon 6 | . . . . . 3 1 . 1 . . . 1 Tool/Special 2 | . . . . . 1 . . . . 1 . . Average Slot Usage (%) 96 | . 98 100 99 100 95 99 95 95 94 95 93 82 Engine 5 | . 10 . . . . 9 15 15 13 8 5 2 Core 8 | . 3 14 14 14 15 7 . . 1 5 5 6 Treads 28 | . 28 28 28 28 33 35 30 28 26 22 26 21 Device 7 | . 2 . . . 9 9 15 12 13 18 10 5 Storage 10 | . 14 14 14 14 9 9 7 7 6 7 10 9 Processor 11 | . 11 14 14 14 9 9 9 15 13 11 10 9 Energy Gun 2 | . 2 . . . . . . . 1 6 14 12 Energy Cannon 18 | . 25 28 27 28 18 18 15 14 18 9 5 4 Peak Build Rating 72 | 7 11 11 27 13 27 27 40 50 59 68 70 72 Average Rating 31 | 4 9 11 11 12 21 26 35 43 51 64 69 60 On Entrance 29 | . 7 11 11 12 13 27 26 40 47 59 61 68 Avg Prop Armor Cover (%) . | . . . . . . . . . . . . . Naked Turns . | . . . . . . . . . . . . . Heaviest Build 93 | 15 19 18 28 23 59 61 82 70 78 83 79 93 Greatest Support 104 | 40 40 40 40 40 80 80 80 88 88 88 104 104 Greatest Overweight (x) 2 | . . . . . . . 1 1 . . . 2 Average Overweight (x) . | . . . . . . . . . . . . . Largest Inventory Capacity 20 | 8 20 8 10 10 20 20 20 20 20 20 20 20 Average Capacity 15 | 7 8 8 8 10 15 20 20 20 20 20 20 20 Most Carried 20 | 1 7 8 8 10 20 20 20 20 20 20 16 17 Average Carried 13 | . 4 7 7 9 13 19 18 18 18 18 14 13 Final Capacity 20 | 8 8 8 10 10 20 20 20 20 20 20 20 20 Final Carried 20 | 1 7 8 8 10 20 19 19 17 20 17 14 12 Class Distribution -------------------- 34% | Mutant 28% | Skirmisher 18% | Scavenger-Mutant 17% | Scavenger-Skirmisher Dominant Class ---------------- Mutant | -10/Materials Mutant | -10/Mines Mutant | -10/Exiles Mutant | -9/Mines Scavenger-Skirmisher | -8/Materials Scavenger-Mutant | -8/Storage Scavenger-Skirmisher | -7/Factory Skirmisher | -7/DSF Skirmisher | -6/Factory Skirmisher | -5/Factory Skirmisher | -4/Factory Skirmisher | -4/Garrison Resources | -11 -10 -10 -10 -9 -8 -8 -7 -7 -6 -5 -4 -4 ----------- Run | Yrd Mat Min Exi Min Mat Sto Fac DSF Fac Fac Fac Gar Matter Collected 1207 | 280 60 10 . 60 190 83 . 158 49 58 49 210 Remotely 49 | 49 . . . . . . . . . . . . Salvage Created 3968 | 82 123 83 . . 752 694 . 691 115 538 132 758 Parts 188 | 3 12 4 . . 38 22 . 44 5 23 11 26 Haulers Intercepted . | . . . . . . . . . . . . . Recyclers Shooed 1 | . . . . . . 1 . . . . . . Parts Field Recycled . | . . . . . . . . . . . . . Retrieved Matter . | . . . . . . . . . . . . . Parts Self-Destructed . | . . . . . . . . . . . . . Prevented . | . . . . . . . . . . . . . Parts Restored . | . . . . . . . . . . . . . Kills | -11 -10 -10 -10 -9 -8 -8 -7 -7 -6 -5 -4 -4 ------- Run | Yrd Mat Min Exi Min Mat Sto Fac DSF Fac Fac Fac Gar Combat Hostiles Destroyed 72 | . 2 3 . . 17 9 . 13 2 7 5 14 Guns 13 | . . . . . . . . . 1 3 1 8 Cannons 53 | . 2 3 . . 16 9 . 13 1 4 . 5 AOE 5 | . . . . . . . . . . . 4 1 Classes Destroyed 13 | 1 2 2 . . 3 2 . 2 1 . . . Worker 1 | . . . . . . 1 . . . . . . Builder 3 | . . . . . 1 . . . . 2 . . Recycler 3 | 1 . . . . . 1 . . . 1 . . Operator 3 | . . . . . 2 . . . 1 . . . Watcher 5 | . 2 . . . 1 2 . . . . . . Swarmer 20 | . . 2 . . 6 . . 4 . . 4 4 Grunt 32 | . 2 . . . 6 6 . 6 . 3 . 9 Brawler 2 | . . . . . . 1 . . . . . 1 Sentry 8 | . . 1 . . 4 1 . . . 1 1 . Specialist 2 | . . . . . . . . 2 . . . . Hunter 2 | . . . . . 1 1 . . . . . . Programmer 5 | . . . . . . . . . 2 3 . . Heavy 1 | . . . . . . . . 1 . . . . Best Kill Streak 6 | 1 1 2 . . 5 3 . 5 2 6 5 4 Combat Bots Only 5 | . 1 2 . . 4 3 . 5 1 5 5 4 Max Kills in Single Turn 4 | 1 1 2 . . 1 1 . 1 1 1 4 2 Gunslinging . | . . . . . . . . . . . . . Exploded 4 | . . . . . . . . . . . 4 1 Melee . | . . . . . . . . . . . . . Uniques/NPCs Destroyed . | . . . . . . . . . . . . . Combat | -11 -10 -10 -10 -9 -8 -8 -7 -7 -6 -5 -4 -4 -------- Run | Yrd Mat Min Exi Min Mat Sto Fac DSF Fac Fac Fac Gar Hostile Shots Fired 505 | . 14 2 . . 75 44 . 74 13 72 . 211 Missed 134 | . 7 . . . 20 13 . 25 2 24 . 43 Hits 371 | . 7 2 . . 55 31 . 49 11 48 . 168 Melee 3 | . . . . . . 1 . . . . . 2 Projectile 368 | . 7 2 . . 55 30 . 49 11 48 . 166 Critical Strikes 18 | . . . . . 2 2 . 3 . 1 . 10 Damage Taken 7497 | 37 93 17 . . 706 502 . 945 219 962 93 3923 Core 1584 | . 22 . . . 114 27 . 227 . 44 . 1150 Absorbed by Shields 75 | . . . . . . . . 75 . . . . Core Remaining (%) 87 | 100 . . . 91 . 74 . 67 100 95 . . Volleys Fired 216 | 1 9 3 . . 47 39 . 33 10 32 2 40 Largest 4 | 2 2 2 . . 2 2 . 2 3 3 4 4 Hottest 349 | 90 136 136 . . 136 136 . 137 204 214 278 349 Shots Fired 494 | 2 18 6 . . 94 79 . 65 26 90 7 107 Gun 118 | 2 . . . . . . . . 1 42 5 68 Cannon 370 | . 18 6 . . 94 79 . 65 25 48 2 33 Launcher 6 | . . . . . . . . . . . . 6 Special . | . . . . . . . . . . . . . Kinetic . | . . . . . . . . . . . . . Thermal 406 | 1 18 6 . . 94 79 . 42 26 83 4 53 Explosive 6 | . . . . . . . . . . . . 6 Electromagnetic 82 | 1 . . . . . . . 23 . 7 3 48 Robot Hit Streak 10 | 2 3 2 . . 6 8 . 10 5 8 5 9 Robot Miss Streak 6 | . 2 1 . . 3 4 . 4 2 6 2 4 Penetration Max . | . . . . . . . . . . . . . Secondary Targets 1 | . . . . . . . . . . . . 1 Max Gunslinging Chain 1 | . . . . . . . . . . . . 1 Shots Hit Robots 302 | 2 7 3 . . 56 53 . 47 14 57 4 59 Core Hits 163 | 2 5 3 . . 31 22 . 20 4 23 10 43 Critical Kills 1 | . . . . . 1 . . . . . . . Critical Parts Destroyed . | . . . . . . . . . . . . . Critical Strikes 3 | . . . . . 1 . . . . 1 . 1 Burn 2 | . . . . . . . . . . 1 . 1 Meltdown 1 | . . . . . 1 . . . . . . . Melee Attacks . | . . . . . . . . . . . . . Impact . | . . . . . . . . . . . . . Slashing . | . . . . . . . . . . . . . Piercing . | . . . . . . . . . . . . . Sneak Attacks . | . . . . . . . . . . . . . Combat Hostiles . | . . . . . . . . . . . . . Follow-up Attacks . | . . . . . . . . . . . . . Damage Inflicted 8605 | 70 163 102 . . 1155 1104 . 1230 415 1604 769 1993 Guns 1871 | 25 . . . . . . . . 37 857 82 870 Cannons 5556 | . 163 102 . . 1155 1104 . 1230 378 747 . 677 Explosions 1178 | 45 . . . . . . . . . . 687 446 Melee . | . . . . . . . . . . . . . Ramming . | . . . . . . . . . . . . . Kinetic . | . . . . . . . . . . . . . Thermal 6082 | 58 163 102 . . 1155 1104 . 621 415 1508 42 914 Explosive 1133 | . . . . . . . . . . . 687 446 Electromagnetic 1390 | 12 . . . . . . . 609 . 96 40 633 Impact . | . . . . . . . . . . . . . Slashing . | . . . . . . . . . . . . . Piercing . | . . . . . . . . . . . . . Highest Corruption 8 | . . . . . . 8 1 1 3 3 . 1 Average Corruption 4 | . . . . . . 8 1 1 2 2 . 1 Corruption Purged . | . . . . . . . . . . . . . Corruption Blocked . | . . . . . . . . . . . . . Effects 53 | . . . . . . 30 3 4 8 7 . 1 Message Errors 14 | . . . . . . 8 . 3 2 1 . . Matter Fused 11 | . . . . . . 5 1 . 1 3 . 1 Heat Flow Errors 4 | . . . . . . 4 . . . . . . Energy Discharges 4 | . . . . . . 3 . . . 1 . . Data Loss (minor) 13 | . . . . . . 6 2 1 3 1 . . Misfires 3 | . . . . . . 2 . . . 1 . . Alerts 2 | . . . . . . 1 . . 1 . . . Weapon Failures 2 | . . . . . . 1 . . 1 . . . Overload Shots . | . . . . . . . . . . . . . Overflow Damage 163 | . . . . . 16 13 . 3 48 7 51 25 Projectiles 87 | . . . . . 16 13 . 3 48 7 . . Explosions 76 | . . . . . . . . . . . 51 25 Melee . | . . . . . . . . . . . . . Knockbacks . | . . . . . . . . . . . . . Impact . | . . . . . . . . . . . . . Kinetic . | . . . . . . . . . . . . . Secondary . | . . . . . . . . . . . . . Self-Inflicted Damage 252 | 37 . . . . . . . . . . 93 122 Shots 6 | 1 . . . . . . . . . . 1 4 Rammed . | . . . . . . . . . . . . . Targets Rammed . | . . . . . . . . . . . . . Kicked . | . . . . . . . . . . . . . Crushed . | . . . . . . . . . . . . . Highest Temperature 1124 | 42 318 162 . . 366 305 . 141 385 124 . 1124 Average Temperature 170 | 24 117 72 . . 116 108 . 50 182 53 . 462 Received Heat Transfer 2110 | . 54 . . . 225 243 . 294 . 243 . 1051 Effects 60 | . . . . . 8 3 . . 1 . . 48 Shutdowns 9 | . . . . . 2 . . . . . . 7 Energy Bleed 6 | . . . . . . . . . . . . 6 Interference 18 | . . . . . 5 3 . . . . . 10 Matter Decay 8 | . . . . . . . . . . . . 8 Short Circuit 5 | . . . . . 1 . . . 1 . . 3 Damage (minor) 3 | . . . . . . . . . . . . 3 Damage (major) 8 | . . . . . . . . . . . . 8 Damage (core) 3 | . . . . . . . . . . . . 3 Siege Activations . | . . . . . . . . . . . . . Martial Activations . | . . . . . . . . . . . . . Shielding Activations . | . . . . . . . . . . . . . Robots Disrupted . | . . . . . . . . . . . . . Combat Hostiles . | . . . . . . . . . . . . . Robots Corrupted . | . . . . . . . . . . . . . Combat Hostiles . | . . . . . . . . . . . . . Parts Fried 4 | . . . . . . . . 1 . . . 3 Impact Corruptions . | . . . . . . . . . . . . . Robots Melted 1 | . . . . . 1 . . . . . . . Combat Hostiles 1 | . . . . . 1 . . . . . . . Parts Melted 24 | . . 1 . . 3 7 . 1 1 6 . 5 Heat Transferred 10073 | 87 296 185 . . 2072 1998 . 1073 518 2163 100 1581 Parts Sabotaged . | . . . . . . . . . . . . . Parts Stolen . | . . . . . . . . . . . . . Parts Stripped . | . . . . . . . . . . . . . Power Chain Reactions 1 | 1 . . . . . . . . . . . . Alert | -11 -10 -10 -10 -9 -8 -8 -7 -7 -6 -5 -4 -4 ------- Run | Yrd Mat Min Exi Min Mat Sto Fac DSF Fac Fac Fac Gar Maximum Alert Level 1 | . . . . . 1 . . 1 . . . 1 Low Security (%) 87 | 100 100 100 . 100 83 100 100 72 100 100 100 14 Level 1 12 | . . . . . 16 . . 27 . . . 85 Level 2 . | . . . . . . . . . . . . . Level 3 . | . . . . . . . . . . . . . Level 4 . | . . . . . . . . . . . . . Level 5 . | . . . . . . . . . . . . . High Security . | . . . . . . . . . . . . . Max Security . | . . . . . . . . . . . . . Sterilizations 1 | . . . . . . . . 1 . . . . Peak Influence 354 | 5 40 55 . . 234 81 15 285 149 100 184 354 Initial 149 | . . . . . . 81 15 . 149 . 13 121 Average 53 | . 7 4 . . 82 24 . 125 36 20 11 234 Influence Increases 2344 | 5 79 76 . . 642 302 . 335 66 226 208 405 Destroy 0b10 Robot/C 1500 | . 40 60 . . 400 180 . 260 40 140 100 280 Destroy 0b10 Robot/NC 80 | 5 10 . . . 20 20 . 5 5 15 . . Destroy Leader 290 | . 14 . . . 92 54 . 40 20 40 20 10 Allied During Kill 10 | . . 1 . . 9 . . . . . . . Successful Hack 47 | . . . . . 15 16 . . . . 16 . Disable Machine 75 | . 15 . . . 30 15 . . . . 15 . Anti-Garrison Action 50 | . . . . . . . . . . . . 50 Destroy Structure 112 | . . . . . 1 2 . . 1 16 42 50 Lose Combat Pursuer 180 | . . 15 . . 75 15 . 30 . 15 15 15 Influence Decreases 2068 | 5 79 76 . . 448 461 35 50 351 198 62 303 Entered New Map 337 | . . . . . . 113 20 . 136 . 15 53 Time Decay 1242 | 5 79 76 . . 388 328 15 . 186 128 37 . Lost Part 400 | . . . . . . 20 . 50 . 70 10 250 Lost Ally 60 | . . . . . 60 . . . . . . . Purge Threat 29 | . . . . . . . . . 29 . . . Squads Dispatched 9 | . . . . . . 3 . 2 1 2 1 . Investigation . | . . . . . . . . . . . . . Extermination 2 | . . . . . . . . . 1 1 . . Reinforcement 6 | . . . . . . 3 . 2 . 1 . . Assault . | . . . . . . . . . . . . . Garrison 1 | . . . . . . . . . . . 1 . Intercept . | . . . . . . . . . . . . . Searches Triggered . | . . . . . . . . . . . . . Construction Impeded 2 | . . . . . . 1 . . . 1 . . Haulers Reinforced . | . . . . . . . . . . . . . Active Scanning Responses . | . . . . . . . . . . . . . Cargo Convoy Interrupts . | . . . . . . . . . . . . . Stealth | -11 -10 -10 -10 -9 -8 -8 -7 -7 -6 -5 -4 -4 --------- Run | Yrd Mat Min Exi Min Mat Sto Fac DSF Fac Fac Fac Gar Distress Signals 8 | . 1 . . . 5 . . . . 1 . 1 Communications Jammed . | . . . . . . . . . . . . . Distress Signals . | . . . . . . . . . . . . . Times Spotted 111 | . 9 5 . . 36 13 . 14 3 9 6 16 Peak Tracking Total 6 | . 5 3 . . 6 3 . 4 1 3 5 5 Tactical Retreats 10 | . . 1 . . 3 1 . 2 . 1 1 1 Traps | -11 -10 -10 -10 -9 -8 -8 -7 -7 -6 -5 -4 -4 ------- Run | Yrd Mat Min Exi Min Mat Sto Fac DSF Fac Fac Fac Gar Traps Triggered 4 | . . . . . . . 1 1 1 . 1 . Indirectly . | . . . . . . . . . . . . . Trap Hack Attempts . | . . . . . . . . . . . . . Triggered . | . . . . . . . . . . . . . Disarmed 1 | . . . . . . 1 . . . . . . Reprogrammed . | . . . . . . . . . . . . . Reused . | . . . . . . . . . . . . . Traps Extracted . | . . . . . . . . . . . . . Installed . | . . . . . . . . . . . . . Triggered . | . . . . . . . . . . . . . Machines | -11 -10 -10 -10 -9 -8 -8 -7 -7 -6 -5 -4 -4 ---------- Run | Yrd Mat Min Exi Min Mat Sto Fac DSF Fac Fac Fac Gar Machines Disabled 6 | . 1 . . . 2 1 . . . . 1 1 Max in Single Turn 1 | . 1 . . . 1 1 . . . . 1 1 Garrison Relay 1 | . . . . . . . . . . . . 1 Machines Repaired . | . . . . . . . . . . . . . Machines Dismantled . | . . . . . . . . . . . . . Machines Sabotaged . | . . . . . . . . . . . . . Overloaded Fab Kills . | . . . . . . . . . . . . . Hacking | -11 -10 -10 -10 -9 -8 -8 -7 -7 -6 -5 -4 -4 --------- Run | Yrd Mat Min Exi Min Mat Sto Fac DSF Fac Fac Fac Gar Machines Accessed 29 | . 2 . 4 . 8 7 1 . 3 1 2 1 Terminals 21 | . 2 . . . 6 7 1 . 2 1 1 1 Fabricators . | . . . . . . . . . . . . . Repair Stations . | . . . . . . . . . . . . . Recycling Units . | . . . . . . . . . . . . . Scanalyzers 3 | . . . . . 2 . . . 1 . . . Garrison Access 1 | . . . . . . . . . . . 1 . Total Hacks 93 | . 4 . 48 . 15 10 2 . 8 1 3 2 Successful 74 | . . . 48 . 13 7 1 . 2 1 2 . Failed 19 | . 4 . . . 2 3 1 . 6 . 1 2 Catastrophic 2 | . 1 . . . 1 . . . . . . . Database Lockouts . | . . . . . . . . . . . . . Manual 6 | . 4 . 1 . 1 . . . . . . . Terminals 36 | . 4 . . . 11 10 2 . 5 1 1 2 Fabricators . | . . . . . . . . . . . . . Repair Stations . | . . . . . . . . . . . . . Recycling Units . | . . . . . . . . . . . . . Scanalyzers 7 | . . . . . 4 . . . 3 . . . Garrison Access 2 | . . . . . . . . . . . 2 . Terminal Hacks 69 | . . . 48 . 9 7 1 . 2 1 1 . Record 53 | . . . 48 . 4 . . . 1 . . . Prototype ID Bank 1 | . . . . . . 1 . . . . . . Open Door 2 | . . . . . . 1 . . . 1 . . Open DSF 2 | . . . . . . . 1 . . . 1 . Emergency Access Points 3 | . . . . . 1 2 . . . . . . Alert Level 2 | . . . . . 1 1 . . . . . . Unreport Threat 1 | . . . . . . . . . 1 . . . Locate Traps 2 | . . . . . 2 . . . . . . . Disarm Traps 1 | . . . . . . 1 . . . . . . Hauler Manifests 1 | . . . . . . 1 . . . . . . Zone Layout 1 | . . . . . 1 . . . . . . . Fabricator Hacks . | . . . . . . . . . . . . . Repair Station Hacks . | . . . . . . . . . . . . . Recycling Unit Hacks . | . . . . . . . . . . . . . Scanalyzer 3 | . . . . . 3 . . . . . . . Retrieve Study 3 | . . . . . 3 . . . . . . . Garrison Access Hacks 1 | . . . . . . . . . . . 1 . Unlock Access 1 | . . . . . . . . . . . 1 . Unauthorized Hacks 1 | . . . . . 1 . . . . . . . Terminals 1 | . . . . . 1 . . . . . . . Operators 1 | . . . . . 1 . . . . . . . Fabricators . | . . . . . . . . . . . . . Repair Stations . | . . . . . . . . . . . . . Recycling Units . | . . . . . . . . . . . . . Scanalyzers . | . . . . . . . . . . . . . Garrison Access . | . . . . . . . . . . . . . Data Cores Recovered 3 | . . . . . 2 . . . 1 . . . Used 1 | . . . . . 1 . . . . . . . Hacking Detections 15 | . 1 . . . 4 3 1 . 3 . 2 1 Full Trace Events . | . . . . . . . . . . . . . Feedback Events . | . . . . . . . . . . . . . Feedback Blocked . | . . . . . . . . . . . . . Robot Schematics Acquired . | . . . . . . . . . . . . . Robots Built . | . . . . . . . . . . . . . Authchips . | . . . . . . . . . . . . . Time . | . . . . . . . . . . . . . Total Robot Build Rating . | . . . . . . . . . . . . . Part Schematics Acquired . | . . . . . . . . . . . . . Parts Built . | . . . . . . . . . . . . . Authchips . | . . . . . . . . . . . . . Time . | . . . . . . . . . . . . . Total Part Build Rating . | . . . . . . . . . . . . . Part Studies Acquired 3 | . . . . . 3 . . . . . . . Parts Repaired . | . . . . . . . . . . . . . Time . | . . . . . . . . . . . . . Parts Recycled . | . . . . . . . . . . . . . Recycled Matter . | . . . . . . . . . . . . . Retrieved Matter . | . . . . . . . . . . . . . Retrieved Components . | . . . . . . . . . . . . . Parts Scanalyzed . | . . . . . . . . . . . . . Part Schematics Acquired . | . . . . . . . . . . . . . Parts Damaged . | . . . . . . . . . . . . . Bothacking | -11 -10 -10 -10 -9 -8 -8 -7 -7 -6 -5 -4 -4 ------------ Run | Yrd Mat Min Exi Min Mat Sto Fac DSF Fac Fac Fac Gar Used RIF Installer . | . . . . . . . . . . . . . Robots Hacked . | . . . . . . . . . . . . . Non-combat . | . . . . . . . . . . . . . Combat . | . . . . . . . . . . . . . Robot Hacks Applied . | . . . . . . . . . . . . . Relay Couplers Released 5 | . . . . . . . . . . . . 5 Machine Destruction 5 | . . . . . . . . . . . . 5 Fabnet Peak Effective % . | . . . . . . . . . . . . . Robots Rewired . | . . . . . . . . . . . . . Allies Hacked . | . . . . . . . . . . . . . Hacks Repelled . | . . . . . . . . . . . . . Allies | -11 -10 -10 -10 -9 -8 -8 -7 -7 -6 -5 -4 -4 -------- Run | Yrd Mat Min Exi Min Mat Sto Fac DSF Fac Fac Fac Gar Total Allies 4 | . . 1 . 3 . . . . . . . . Largest Group 3 | . . 1 . 3 3 . . . . . . . Highest-Rated Group 40 | . . 31 . 40 40 . . . . . . . Highest-Rated Ally 31 | . . 31 . 16 16 . . . . . . . Initial Warlord ECA Mod 9 | . . . . . . . . . 9 8 7 7 Total Orders . | . . . . . . . . . . . . . Ally Attacks 9 | . . . . . 9 . . . . . . . Total Damage 93 | . . . . . 93 . . . . . . . Kills 3 | . . . . . 3 . . . . . . . Allies Corrupted . | . . . . . . . . . . . . . Allies Melted . | . . . . . . . . . . . . . Intel | -11 -10 -10 -10 -9 -8 -8 -7 -7 -6 -5 -4 -4 ------- Run | Yrd Mat Min Exi Min Mat Sto Fac DSF Fac Fac Fac Gar Active Infowar (turns) 2790 | . . . . . 926 . 433 328 696 407 . . Sensors 2790 | . . . . . 926 . 433 328 696 407 . . Robot Analysis Total . | . . . . . . . . . . . . . Derelict Logs Recovered 4 | . . 1 . 3 . . . . . . . . Drone Launches . | . . . . . . . . . . . . . Drone Recoveries . | . . . . . . . . . . . . . Exploration | -11 -10 -10 -10 -9 -8 -8 -7 -7 -6 -5 -4 -4 ------------- Run | Yrd Mat Min Exi Min Mat Sto Fac DSF Fac Fac Fac Gar Turns Passed 8390 | 90 393 747 849 649 1336 1186 433 328 696 708 242 733 Spaces Moved 4529 | 50 212 449 522 387 667 614 250 131 424 369 144 310 Core 4 | 4 . . . . . . . . . . . . Treads 4525 | 46 212 449 522 387 667 614 250 131 424 369 144 310 Legs . | . . . . . . . . . . . . . Wheels . | . . . . . . . . . . . . . Hover . | . . . . . . . . . . . . . Flight . | . . . . . . . . . . . . . Fastest Speed 50 | 50 160 160 160 160 160 162 162 145 145 145 160 160 Average Speed 159 | 151 160 160 160 160 160 162 168 149 145 148 160 174 Slowest Speed 330 | 160 160 160 160 160 162 163 212 200 145 157 160 330 Overloaded Moves . | . . . . . . . . . . . . . Propulsion Burnouts . | . . . . . . . . . . . . . Robots Hopped . | . . . . . . . . . . . . . Potential Cave-ins . | . . . . . . . . . . . . . Cave-ins Triggered . | . . . . . . . . . . . . . Exploration Rate (%) 43 | 4 42 85 93 69 44 68 5 88 11 10 4 39 Regions Visited 12 Branch Regions 4 Pre-discovered Areas 2 | . . . 1 1 . . . . . . . . Known Exits Taken 10 | . 1 1 1 1 1 1 1 . 1 1 1 . Unknown Exits Taken 1 | 1 . . . . . . . . . . . . Scrap Searched 2 | . . 1 . 1 . . . . . . . . Spaces Dug . | . . . . . . . . . . . . . Terrain Destroyed 61 | 2 . . . . . . . . . 7 25 27 Melee . | . . . . . . . . . . . . . Projectile 16 | . . . . . . . . . . 7 2 7 AOE 45 | 2 . . . . . . . . . . 23 20 Terrain Rammed . | . . . . . . . . . . . . . Walls Destroyed . | . . . . . . . . . . . . . Machines Disabled . | . . . . . . . . . . . . . Actions | -11 -10 -10 -10 -9 -8 -8 -7 -7 -6 -5 -4 -4 --------- Run | Yrd Mat Min Exi Min Mat Sto Fac DSF Fac Fac Fac Gar Total 5284 | 59 247 473 537 417 844 727 263 205 483 458 150 421 Wait 344 | . 14 17 . 29 70 67 . 17 41 40 2 47 Move 4517 | 49 211 448 521 386 666 613 249 130 423 368 143 310 Hop . | . . . . . . . . . . . . . Pick Up 52 | . 3 2 2 2 20 1 1 7 4 6 . 4 Fast Attach 32 | 8 3 . 4 . 6 1 2 1 2 1 . 4 Attach 42 | . 1 . 1 . 4 3 5 5 1 9 3 10 Detach 18 | 1 3 . . . 2 1 4 . 1 1 . 5 Swap 19 | . 2 1 1 . 9 1 1 4 . . . . Drop 43 | . 1 2 7 . 20 1 1 8 1 1 . 1 Fire 216 | 1 9 3 . . 47 39 . 33 10 32 2 40 Melee . | . . . . . . . . . . . . . Ram . | . . . . . . . . . . . . . Kick . | . . . . . . . . . . . . . Crush . | . . . . . . . . . . . . . Escape Stasis . | . . . . . . . . . . . . . Rewire 1 | . . . 1 . . . . . . . . . Trap . | . . . . . . . . . . . . . Miscellaneous . | . . . . . . . . . . . . . Route ------- -11/Scrapyard -10/Materials (discovered 2 exits: *Mat / *Min) -10/Mines (discovered 4 exits: *Mat x2 / *Exi / *Sub) -10/Exiles -9/Mines (discovered 2 exits: *Mat x2) -8/Materials (discovered 3 exits: *Fac x2 / *Sto) -8/Storage -7/Factory -7/DSF -6/Factory -5/Factory (discovered 2 exits: *Fac / *Ext) -4/Factory -4/Garrison (discovered 1 exit: *Fac) History --------- Turn | Location | Event 3 | -11/Scrapyard | Discovered new exit (range 16) 91 | -11/Scrapyard | Entered Materials 307 | -10/Materials | Build established: Mutant 308 | -10/Materials | Discovered new exit (range 5) 316 | -10/Materials | Identified exit to Materials 438 | -10/Materials | Discovered new exit (range 14) 482 | -10/Materials | Identified exit to Mines 484 | -10/Materials | Entered Mines 595 | -10/Mines | Received a Rocket Launcher from a helpful Derelict 644 | -10/Mines | Discovered exit to Materials (range 5) 838 | -10/Mines | Learned location of 1 exit from Materials 920 | -10/Mines | Discovered exit to Materials (range 11) 923 | -10/Mines | Received a Mining Laser from a helpful Derelict 1000 | -10/Mines | Discovered new exit (range 9) 1016 | -10/Mines | Identified exit to Subcaves 1156 | -10/Mines | Joined a pair of Derelicts in attacking an 0b10 outpost 1223 | -10/Mines | Deemed a non-threat by the Exiles lab entrance 1225 | -10/Mines | Discovered new exit (range 5) 1230 | -10/Mines | Identified exit to Exiles 1231 | -10/Mines | Entered Exiles 1270 | -10/Exiles | Met 8R-AWN 1299 | -10/Exiles | Met EX-HEX 1355 | -10/Exiles | Met EX-BIN 1398 | -10/Exiles | Aligned with FarCom system 1399 | -10/Exiles | Given EX-Vault access code 1470 | -10/Exiles | Opened EX-Vault 1479 | -10/Exiles | Found Prototype Energy Cannon 1479 | -10/Exiles | Identified YOLO Cannon 1486 | -10/Exiles | Found Prototype Energy Cannon 1486 | -10/Exiles | Identified Gui. Plasma Cannon 1537 | -10/Exiles | Warned to stay clear of 0b10 Research branches 1599 | -10/Exiles | Met EX-DEC 1611 | -10/Exiles | Learned location of Zion (-6) 1691 | -10/Exiles | Visited The Gauntlet 2062 | -10/Exiles | Discovered new exit (range 14) 2078 | -10/Exiles | Identified exit to Mines 2080 | -10/Exiles | Left Exiles lab with Gui. Plasma Cannon 2080 | -10/Exiles | Entered Mines 2170 | -9/Mines | Found a damaged Exp. Sensor Array with a note attached 2173 | -9/Mines | Found Prototype Device 2328 | -9/Mines | Learned Materials emergency access door positions 2406 | -9/Mines | YI-UF0 nonchalantly dropped a Grenade Launcher on the ground 2527 | -9/Mines | Identified exit to Materials 2570 | -9/Mines | Discovered exit to Materials (range 9) 2577 | -9/Mines | Assisted by bots powering up and referring to "LRC-V3" 2729 | -9/Mines | Entered Materials 2729 | -8/Materials | Accompanied by 3 allies 2729 | -8/Materials | Evolved 4 slots: Power x1, Propulsion x2, Utility x1 2730 | -8/Materials | Identified exit to Storage 2918 | -8/Materials | Lost 3 allies 3159 | -8/Materials | Discovered new exit (range 3) 3162 | -8/Materials | Identified exit to Factory 3204 | -8/Materials | Build established: Scavenger-Skirmisher 3789 | -8/Materials | Discovered exit to Factory (range 13) 3958 | -8/Materials | Build established: Scavenger-Mutant 4065 | -8/Materials | Entered Storage 5043 | -8/Storage | Discovered exit to Factory (range 5) 5251 | -8/Storage | Entered Factory 5251 | -7/Factory | Evolved 2 slots: Utility x2 5324 | -7/Factory | Identified Exp. Sensor Array 5554 | -7/Factory | Build established: Scavenger-Skirmisher 5684 | -7/Factory | Identified exit to DSF 5684 | -7/Factory | Entered DSF 5706 | -7/DSF | Additional patrols routed to DSF 5816 | -7/DSF | Lost 4 parts (1p1n1u1w) 5954 | -7/DSF | Sterilization system engaged 5974 | -7/DSF | Ambient heat levels rising (+10) 5989 | -7/DSF | Ambient heat levels rising (+10) 5991 | -7/DSF | Discovered new exit (range 15) 6004 | -7/DSF | Ambient heat levels rising (+10) 6011 | -7/DSF | Identified exit to Factory 6012 | -7/DSF | Entered Factory 6012 | -6/Factory | Evolved 2 slots: Power x1, Weapon x1 6071 | -6/Factory | Build established: Skirmisher 6671 | -6/Factory | Discovered new exit (range 7) 6680 | -6/Factory | Identified exit to Factory 6708 | -6/Factory | Entered another Factory area 6708 | -5/Factory | Evolved 2 slots: Utility x2 6904 | -5/Factory | Discovered new exit (range 10) 6917 | -5/Factory | Identified exit to Factory 7150 | -5/Factory | Lost 4 parts (1p2u1w) 7229 | -5/Factory | Lost 4 parts (2n1u1w) 7350 | -5/Factory | Discovered new exit (range 5) 7353 | -5/Factory | Identified exit to Extension 7416 | -5/Factory | Entered another Factory area 7416 | -4/Factory | Evolved 2 slots: Propulsion x1, Weapon x1 7422 | -4/Factory | Identified exit to DSF 7628 | -4/Factory | Allied Derelicts emerged from ambush trap array 7635 | -4/Factory | Identified exit to Garrison 7658 | -4/Factory | Entered Garrison 7752 | -4/Garrison | Triggered checkpoint 7877 | -4/Garrison | Discovered new exit (range 11) 7893 | -4/Garrison | Identified exit to Factory 7941 | -4/Garrison | Garrison Relay disabled 7974 | -4/Garrison | Triggered checkpoint 8021 | -4/Garrison | Lost 7 parts (2p2n1u2w) 8166 | -4/Garrison | Triggered checkpoint 8166 | -4/Garrison | Triggered checkpoint 8241 | -4/Garrison | Lost 8 parts (2n2u4w) 8361 | -4/Garrison | Core integrity fell below 50% 8389 | -4/Garrison | Core integrity fell below 20% 8391 | -4/Garrison | Destroyed by G-67 Veteran with Plasma Rifle Last Messages --------------- 08368_ Overheating: Energy Well damaged (-11). 08368_ Overheating: Arm. Treads damaged (-114). 08368_ Overheating: Hcp. Storage Unit damaged (-253). 08368_ Critical hit (Burn: +50). 08371_ Arm. Treads destroyed. 08371_ Critical hit (Burn: +37). 08373_ Overheating: Hcp. Storage Unit damaged (-73). 08373_ System corrupted: Matter fused (-9). 08374_ Power failure, Mic. Nuclear Core shutdown. 08374_ Nova Cannon destroyed. 08374_ Mic. Nuclear Core destroyed. 08378_ Overheating: Energy bleed (-9). 08383_ Nova Cannon destroyed. 08383_ Critical hit (Burn: +37). 08383_ Energy Well destroyed. 08384_ Overheating: Energy bleed (-15). 08385_ Overheating: Imp. Signal Interpreter damaged (-7). 08389_ Overheating: Core damaged (-172). 08389_ Hacking Suite destroyed. 08389_ Critical hit (Burn: +50). Map ----- +----------------------------------------------------+ | ??????????????????????????????????????????????? | | ??????????????????????????????????????????????? | | ??????????????????????????????????????????????? | | ??????????????????????????????????????????????? | | ??????????????????????????????????????????????? | | ??????????????????????????????????????????????? | | ??????????????????????????????????????????????? | | ??????????????????????????????????????????????? | | ??????????????????????????????????????????????? | | ??????????????????????????????????????????????? | | ??????????????????????????????????????????????? | | ??????????????????????????????????????????????? | | ??????????????????????????????????????????????? | | ????????????????????c??????????????Y??????????? | | ????????????????????c?????????????????????????? | | ?????????????????????c????????###?????????????? | | ?????????????????????????????? ?Y???????????? | | ?????????????????????????????? #Y???????????? | | ?????????????????????????????? #????????????? | | ???????????????????????####???# #????????????? | | ??????????????????????#;#;##### #????????????? | | ??????????????????????# g ????????????? | | ?????????????????????## g;;;#?# #????????????? | | ?????????????????????#!= !; #?# #????????????? | | ?????????????????????#!c !#???# #????????????? | | ?????????????????????#@! #???# #????????????? | | ?????????????????????#/ !#???# #????????????? | | ?????????????#???????# !#???# #????????##### | | ?????????????# ### ###### ########## | | ?????????????# | | ??????????????# ############ | | ??????????????????????????????############# # | | ????????????????????????????????????# ##### # | | ????????????????????????????????????# | | ????????????????????????????????????##### | | ????????????????????????????????????????# | | ????????????????????????????????????????# | | ????????????????????????????????????????### # | | ????????????????????????????????????????# * | | ????????????????????????????????????????# | | ????????????????????????????????????????# # = | | ????????????????????????????????????????## * | | ?????????????????????????????????????????# | | ?????????????????????????????????????????# | | ?????????????????????????????????????????### | | ?????????????????????????????????????????### | | ???????????????????????????????????????????# # | | ???????????????????????????????????????????# # | | ???????????????????????????????????????????# # | | ???????????????????????????????????????????# # | +----------------------------------------------------+ Best States ------------- Heat Dissipation 70 Energy Generation 32 Energy Capacity 725 Matter Stores 300 Matter Capacity 300 Sight Range 16 Robot Scan Range 20 Terrain Scan Density 10 Base Temperature (-) 150 Armor Coverage 225 Resistance: KI 30 Evasion (%) 40 Armor Integrity Analysis 30 Recoil Reduction 5 Particle Charging 20 Offensive Hacking 10 Item Schematics ----------------- None Robot Schematics ------------------ None Fabricated ------------ Nothing Repaired ---------- Nothing Studied --------- Particle Cannon | -8/Materials | Hacked Lgt. Treads | -8/Materials | Hacked Lgt. Nuclear Core | -8/Materials | Hacked Alien Tech Used ----------------- None Achievements -------------- Fancy Inventory Knowing Is Half The Battle Challenges ------------ None Game ------ Seed CobblerMediumMinigun Manual? 0 Play Time 01:25:11 Cumulative 22.2 hours Start 2025.11.01 @ 01:28:09 End 2025.11.02 @ 16:08:44 Sessions 7 Manual Loads 0 Difficulty Rogue Special Mode None Game No. 48 Rogue 48 Adventurer 0 Explorer 0 Win Type - Total 0 Types 0/0/0/0/0/0/0/0/0/0 Lore% 11 Gallery% 20 Achievement% 18 Wizard Run 0 Options --------- Layout 0 ASCII 1 Keyboard 1 Movement Numpad Keybinds 0 Fullscreen 1 Font 18/VGA_Max Map View 76x50 Zoom Use 0% Tactical HUD 1 Map Filters NONE Filters NONE Steam 1 RUN: 1d5eaa38-fcc1-4c1d-aaa5-e836e0cd500d